 Dungeon Crawl Stone Soup version 0.31-a0-151-ge443d1f16c (webtiles) character file.

Game seed: 970065431603426316

3732 qw the Skirmisher (level 9, -4/81 HPs)
             Began as a Minotaur Hunter on June 8, 2023.
             Was an Initiate of Okawaru.
             Slain by a yak (7 damage)
             ... on level 9 of the Dungeon.
             The game lasted 00:03:09 (8013 turns).

qw the Skirmisher (Minotaur Hunter)                 Turns: 8013, Time: 00:03:09

Health: -4/81      AC: 10    Str: 15    XL:     9   Next: 92%
Magic:  11/11      EV: 13    Int:  6    God:    Okawaru [......]
Gold:   485        SH:  0    Dex: 19    Spells: 8/8 levels left

rFire   . . .        r - +0 orcbow
rCold   . . .        (shield currently unavailable)
rNeg    . . .        b - +0 ring mail
rPois   .            (helmet restricted)
rElec   .            i - +2 cloak
rCorr   .            o - +0 pair of gloves
SInv    +            (no boots)
Will    .....        p - amulet of the acrobat
Stlth   +            d - ring of see invisible
HPRegen 0.33/turn    (no ring)
MPRegen 0.12/turn

%: acrobat, clarity
@: about to teleport
A: horns 2, retaliatory headbutt, clarity, noise suppression
a: Renounce Religion


You were on level 9 of the Dungeon.
You worshipped Okawaru.
Okawaru was noncommittal.
You visited 2 branches of the dungeon, and saw 10 of its levels.

You collected 575 gold pieces.
You spent 90 gold pieces at shops.


Innate Abilities, Weirdness & Mutations

You have a pair of horns on your head.
You reflexively headbutt those who attack you in melee.
You possess an exceptional clarity of mind.
You passively dampen the noise of your surroundings.


   Skills:
 - Level 8.0 Fighting
 + Level 12.3 Ranged Weapons
 - Level 4.0 Armour
 - Level 5.1 Dodging
 - Level 0.7 Stealth
 - Level 4.1 Invocations


You had 8 spell levels left.
You didn't know any spells.
Your spell library was empty.

Inventory:

Hand Weapons
 r - a +0 orcbow (weapon)
Armour
 b - a +0 ring mail (worn)
 i - a +2 cloak (worn)
 o - a +0 pair of gloves (worn)
Jewellery
 d - a ring of see invisible (left hand)
 k - a ring of ice
 m - a ring of protection from fire
 p - an amulet of the acrobat (around neck)
Scrolls
 f - 2 scrolls of identify
 g - 2 scrolls of teleportation
 q - a scroll of fog {unknown}
Potions
 a - a potion of cancellation {unknown}
 c - a potion of berserk rage {unknown}
 e - a potion of mutation
 h - a potion of lignification {unknown}
 j - a potion of magic {unknown}
 l - a potion of curing {unknown}
 n - a potion of might {unknown}

Dungeon Overview and Level Annotations

Branches:
Dungeon (9/15)             Temple (1/1) D:4
   Lair: D:8-11         Orc: D:9-12

Altars:
Ashenzari
Dithmenos
Elyvilon
Fedhas
Gozag
Hepliaklqana
Kikubaaqudgha
Makhleb
Nemelex Xobeh
Okawaru
Qazlal
Ru
Sif Muna
Trog
Uskayaw
Vehumet
Wu Jian
Xom
Yredelemnul
Zin
The Shining One

Shops:
D:4 (=?=

Annotations:
D:7 2 transporters, qw's ghost, novice GrFi


Message History

The yak is heavily wounded.
The yak gores you!
A yak comes into view.
You shoot an arrow. The arrow hits the yak!
The yak is severely wounded.
The yak gores you but does no damage.
You shoot an arrow. The arrow hits the yak!
You kill the yak!
Okawaru accepts your kill.
You shoot an arrow. The arrow barely misses the yak.
The yak barely misses you.
You shoot an arrow. The arrow hits the yak.
The yak is lightly wounded.
The yak gores you! The yak closely misses you.
You shoot an arrow.
The arrow hits the yak but does no damage.
The yak is lightly wounded.
The yak gores you but does no damage. The yak gores you.
You shoot an arrow. The arrow closely misses the yak.
The yak gores you!
You shoot an arrow.
The arrow hits the yak but does no damage.
The yak is lightly wounded.
The yak gores you. The yak gores you but does no damage. The yak gores you! x2
You shoot an arrow. The arrow closely misses the yak.
The yak barely misses you. The yak completely misses you.
The yak barely misses you. You furiously retaliate!
You headbutt the yak. The yak gores you but does no damage.
You shoot an arrow. The arrow hits the yak!
The yak is moderately wounded.
The yak closely misses you. x2; The yak gores you. x2
8012 ||| READING 3 scrolls of teleportation.
As you read the scroll of teleportation, it crumbles to dust.
You feel strangely unstable. The yak gores you but does no damage.
The yak gores you. The yak misses you. You furiously retaliate!
You headbutt the yak. The yak barely misses you.
You shoot an arrow. The arrow hits the yak.
The yak is heavily wounded.
The yak gores you! x3
You die...

######'# ###+ #.# #....... .#..
####.## #....... .#.# #.....#
#....... .#.# ###.....# ##
#....... .#.# .......##.<
+..[.... ...# #....... #.......
.### #..YYY# #....... .#.#
#..Y@.# #....... .#.# ####.##
#####'## ...# ###.# #.....# #'##
#...# ##.##### #..# ###'#######
#..# ##'#### #.........#
##'#######
......####.+.........###.........
......'....#....)....#.'.........
......######.<.......#.#.........


You could see 4 yaks.

Vanquished Creatures
  Grinder (D:5)
  A yak (D:9)
  Menkaure (D:4)
  An orc warrior (D:9)
  3 ice beasts
  3 centaurs
  Blork the orc (D:5)
  3 kobold brigands
  2 gnoll sergeants
  4 bullfrogs
  A scorpion (D:7)
  9 killer bees
  2 howler monkeys
  8 orc priests
  4 hounds
  2 jellies
  2 gnoll boudas
  A sleepcap (D:7)
  5 iguanas
  Terence (D:2)
  8 orc wizards
  20 gnolls
  9 adders
  2 shadow imps
  4 worms
  3 dart slugs
  28 orcs
  10 endoplasms
  8 giant cockroaches
  10 hobgoblins
  2 quokkas
  10 ball pythons
  7 bats
  7 goblins
  19 kobolds
  5 rats
207 creatures vanquished.

Vanquished Creatures (others)
  5 dream sheep (D:6)
  A human (D:7)
  An ogre (D:5)
  A hound (D:5)
8 creatures vanquished.

Grand Total: 215 creatures vanquished

Notes
Turn   | Place    | Note
-------+----------+-------------------------------------------
     0 | D:1      | qw the Minotaur Hunter began the quest for the Orb.
     0 | D:1      | Reached XP level 1. HP: 18/18 MP: 0/0
     0 | D:1      | 0 ||| qw: Version: 0.2-a-120-gdf1a93b
     0 | D:1      | 0 ||| qw: Game counter: 3057
     0 | D:1      | 0 ||| qw: Always use a shield: true
     0 | D:1      | 0 ||| qw: God list: Okawaru
     0 | D:1      | 0 ||| qw: Allow faded altars: false
     0 | D:1      | 0 ||| qw: Do Orc after D:15 true
     0 | D:1      | 0 ||| qw: Do second Lair branch before Depths: true
     0 | D:1      | 0 ||| qw: Lair rune preference: random
     0 | D:1      | 0 ||| qw: Plans: Normal
     0 | D:1      | 0 ||| PLANNING D:1-11
   142 | D:1      | Reached XP level 2. HP: 25/25 MP: 1/1
   261 | D:1      | Reached skill level 5 in Ranged Weapons
   693 | D:1      | 693 ||| READING scroll labelled RAPAIRR CAOPS.
   696 | D:1      | 696 ||| READING 2 scrolls labelled ZIRYLIPN POASME.
   697 | D:1      | 697 ||| DROPPING scroll of butterflies.
   698 | D:1      | 698 ||| DROPPING scroll of noise.
   711 | D:2      | 711 ||| STAIRDANCE
   731 | D:2      | Reached skill level 3 in Fighting
   823 | D:2      | Reached XP level 3. HP: 31/31 MP: 2/2
  1470 | D:2      | Reached skill level 6 in Ranged Weapons
  1470 | D:2      | Reached XP level 4. HP: 25/38 MP: 3/3
  1686 | D:2      | 1686 ||| UPGRADING to +2 cloak.
  1691 | D:2      | 1691 ||| READING scroll labelled QYZUVV KAECW.
  1692 | D:2      | 1692 ||| READING scroll labelled FOTAIXKAIT.
  1693 | D:2      | 1693 ||| READING scroll labelled PYAFRY MYPSIAV.
  1694 | D:2      | 1694 ||| DRINKING 2 sedimented black potions.
  1714 | D:3      | Noticed Terence
  1718 | D:3      | 1718 ||| STAIRDANCE
  1720 | D:2      | Killed Terence
  1721 | D:2      | Reached skill level 1 in Armour
  1787 | D:3      | 1787 ||| FLEEEEING.
  1788 | D:3      | 1788 ||| FLEEEEING.
  1789 | D:3      | 1789 ||| FLEEEEING.
  1790 | D:3      | 1790 ||| FLEEEEING.
  1791 | D:3      | 1791 ||| FLEEEEING.
  1792 | D:3      | 1792 ||| FLEEEEING.
  1799 | D:3      | 1799 ||| FLEEEEING.
  1800 | D:3      | 1800 ||| FLEEEEING.
  1801 | D:3      | 1801 ||| FLEEEEING.
  1802 | D:3      | 1802 ||| FLEEEEING.
  1804 | D:3      | Reached XP level 5. HP: 43/46 MP: 4/4
  1805 | D:3      | 1805 ||| FLEEEEING.
  1806 | D:3      | 1806 ||| FLEEEEING.
  1807 | D:3      | 1807 ||| STAIRDANCE
  1924 | D:3      | 1924 ||| STAIRDANCE
  1987 | D:3      | 1987 ||| STAIRDANCE
  1990 | D:2      | HP: 11/46 [orc priest/divine providence (14)]
  1991 | D:2      | 1991 ||| READING scroll of teleportation.
  1992 | D:2      | 1992 ||| DRINKING potion of heal wounds.
  2251 | D:3      | Found a glowing golden altar of the Shining One.
  2344 | D:3      | 2344 ||| UPGRADING to ring of see invisible.
  2345 | D:3      | 2345 ||| READING scroll labelled NAOVVA CAID.
  2346 | D:3      | 2346 ||| DRINKING 2 inky potions.
  2347 | D:3      | 2347 ||| DROPPING potion of attraction.
  2493 | D:4      | Reached skill level 7 in Ranged Weapons
  2493 | D:4      | Reached XP level 6. HP: 52/52 MP: 5/5
  2493 | D:4      | Found Afumna's Antique Weapon Boutique.
  2499 | D:4      | Found Acwy's Jewellery Boutique.
  2500 | D:4      | Found Miriorphiad's Magic Scroll Boutique.
  2500 | D:4      | Found Faguc's Jewellery Boutique.
  2506 | D:4      | 2506 ||| SHOPLISTING +6 ring of dexterity (432 gold, have
                  | 154).
  2506 | D:4      | 2506 ||| SHOPLISTING +6 ring of strength (432 gold, have
                  | 154).
  2506 | D:4      | 2506 ||| SHOPLISTING amulet of regeneration (360 gold, have
                  | 154).
  2506 | D:4      | 2506 ||| SHOPLISTING ring "Maefien" {rF+ rN+} (408 gold,
                  | have 154).
  2506 | D:4      | 2506 ||| SHOPLISTING ring of protection from cold (300
                  | gold, have 154).
  2506 | D:4      | 2506 ||| SHOPLISTING ring of protection from fire (300
                  | gold, have 154).
  2509 | D:4      | 2509 ||| SHOPLISTING +4 ring of protection (468 gold, have
                  | 154).
  2509 | D:4      | 2509 ||| SHOPLISTING +5 ring of evasion (468 gold, have
                  | 154).
  2509 | D:4      | 2509 ||| SHOPLISTING +6 ring of dexterity (468 gold, have
                  | 154).
  2509 | D:4      | 2509 ||| SHOPLISTING amulet of the acrobat (390 gold, have
                  | 154).
  2509 | D:4      | 2509 ||| SHOPLISTING ring "Jaedd" {rC+ Int+6 Dex+3} (731
                  | gold, have 154).
  2509 | D:4      | 2509 ||| SHOPLISTING ring of ice (325 gold, have 154).
  2509 | D:4      | 2509 ||| SHOPLISTING ring of resist corrosion (260 gold,
                  | have 154).
  2512 | D:4      | 2512 ||| BUYING scroll of identify (20 gold).
  2512 | D:4      | Bought a scroll of identify for 20 gold pieces
  2512 | D:4      | 2512 ||| BUYING scroll of identify (20 gold).
  2512 | D:4      | Bought a scroll of identify for 20 gold pieces
  2512 | D:4      | 2512 ||| BUYING scroll of identify (20 gold).
  2512 | D:4      | Bought a scroll of identify for 20 gold pieces
  2512 | D:4      | 2512 ||| BUYING scroll of teleportation (30 gold).
  2512 | D:4      | Bought a scroll of teleportation for 30 gold pieces
  2582 | D:4      | Found a staircase to the Ecumenical Temple.
  2583 | D:4      | 2583 ||| PLANNING TEMPLE
  2584 | D:4      | 2584 ||| READING 3 scrolls of identify.
  2584 | D:4      | 2584 ||| IDENTIFYING sedimented puce potion
  2585 | D:4      | 2585 ||| READING 2 scrolls of identify.
  2585 | D:4      | 2585 ||| IDENTIFYING fuming inky potion
  2586 | D:4      | 2586 ||| DROPPING potion of degeneration.
  2587 | D:4      | 2587 ||| DROPPING potion of enlightenment.
  2596 | Temple   | Entered the Ecumenical Temple
  2663 | Temple   | 2663 ||| PLANNING OKAWARU WORSHIP
  2897 | Temple   | Became a worshipper of Warmaster Okawaru
  2897 | Temple   | 2897 ||| PLANNING D:1-11
  3499 | D:4      | 3499 ||| UPGRADING to +0 ring mail.
  3509 | D:4      | 3509 ||| DROPPING +0 leather armour.
  3510 | D:4      | 3510 ||| READING scroll labelled NEYZXU ZUWKIV.
  3545 | D:5      | Entered Level 5 of the Dungeon
  3545 | D:5      | Noticed Grinder
  3545 | D:5      | Noticed Menkaure
  3546 | D:5      | 3546 ||| Stepping ~*~*~tactically~*~*~ (outnumbered).
  3549 | D:5      | 3549 ||| STAIRDANCE
  3640 | D:5      | 3640 ||| STAIRDANCE
  3643 | D:4      | Killed Menkaure
  3644 | D:4      | Reached skill level 8 in Ranged Weapons
  3713 | D:5      | Paralysed by Grinder for 2 turns
  3716 | D:5      | 3716 ||| STAIRDANCE
  3742 | D:5      | Paralysed by Grinder for 2 turns
  3745 | D:5      | Killed Grinder
  3746 | D:5      | Reached XP level 7. HP: 61/62 MP: 6/6
  3817 | D:5      | Reached skill level 3 in Dodging
  3820 | D:5      | 3820 ||| Stepping ~*~*~tactically~*~*~ (outnumbered).
  3828 | D:5      | Reached * piety under Okawaru
  3829 | D:5      | 3829 ||| INVOKING Heroism.
  3868 | D:5      | 3868 ||| FLEEEEING.
  3869 | D:5      | 3869 ||| FLEEEEING.
  3873 | D:5      | 3873 ||| FLEEEEING.
  3874 | D:5      | 3874 ||| FLEEEEING.
  3875 | D:5      | 3875 ||| STAIRDANCE
  3935 | D:4      | 3935 ||| READING scroll labelled OSASSU NACKU.
  3936 | D:4      | 3936 ||| READING 2 scrolls of identify.
  3936 | D:4      | 3936 ||| IDENTIFYING fuming white potion
  3937 | D:4      | 3937 ||| DROPPING potion of ambrosia.
  3947 | D:5      | Reached skill level 9 in Ranged Weapons
  4037 | D:5      | Reached skill level 6 in Fighting
  4108 | D:5      | Reached XP level 8. HP: 69/70 MP: 7/7
  4111 | D:5      | Reached skill level 1 in Invocations
  4188 | D:5      | 4188 ||| INVOKING Heroism.
  4240 | D:5      | 4240 ||| INVOKING Heroism.
  4346 | D:5      | Noticed Blork the orc
  4347 | D:5      | 4347 ||| INVOKING Heroism.
  4348 | D:5      | 4348 ||| INVOKING Heroism.
  4357 | D:5      | Killed Blork the orc
  4498 | D:5      | Found a basalt altar of Yredelemnul.
  4500 | D:5      | 4500 ||| READING scroll labelled MEQUNU REDU.
  4501 | D:5      | 4501 ||| DRINKING 2 orange potions.
  4502 | D:5      | 4502 ||| DRINKING 2 fuming black potions.
  4502 | D:5      | Gained mutation: You possess an exceptional clarity of
                  | mind. [potion of mutation]
  4502 | D:5      | Gained mutation: You passively dampen the noise of your
                  | surroundings. [potion of mutation]
  4503 | D:5      | 4503 ||| DROPPING potion of brilliance.
  4505 | D:5      | 4505 ||| Stepping ~*~*~tactically~*~*~ (cloud).
  4662 | D:6      | Reached skill level 10 in Ranged Weapons
  4874 | D:6      | 4874 ||| INVOKING Heroism.
  4949 | D:6      | You fall into a shaft and drop 1 floor!
  4952 | D:7      | 4952 ||| STAIRDANCE
  5060 | D:6      | 5060 ||| INVOKING Heroism.
  5062 | D:6      | 5062 ||| Stepping ~*~*~tactically~*~*~ (outnumbered).
  5244 | D:6      | Noticed a dream sheep
  5244 | D:6      | Noticed a dream sheep
  5244 | D:6      | Noticed a dream sheep
  5244 | D:6      | Noticed a dream sheep
  5244 | D:6      | Noticed a dream sheep
  5244 | D:6      | Found a shimmering altar of Xom.
  5245 | D:6      | Killed a dream sheep
  5245 | D:6      | Killed a dream sheep
  5245 | D:6      | Killed a dream sheep
  5245 | D:6      | Killed a dream sheep
  5245 | D:6      | Killed a dream sheep
  5399 | D:6      | 5399 ||| READING scroll labelled FOSEOM WUOX.
  5427 | D:7      | 5427 ||| Stepping ~*~*~tactically~*~*~ (outnumbered).
  5431 | D:7      | 5431 ||| Stepping ~*~*~tactically~*~*~ (outnumbered).
  5440 | D:7      | 5440 ||| INVOKING Heroism.
  5444 | D:7      | Reached skill level 3 in Invocations
  5448 | D:7      | 5448 ||| FLEEEEING.
  5449 | D:7      | 5449 ||| FLEEEEING.
  5451 | D:7      | 5451 ||| STAIRDANCE
  5604 | D:6      | 5604 ||| READING scroll labelled GEBULOAMITH.
  5608 | D:7      | 5608 ||| INVOKING Heroism.
  5666 | D:7      | Reached XP level 9. HP: 80/80 MP: 10/10
  5811 | D:7      | Found a transporter.
  5817 | D:7      | Found a transporter.
  5818 | D:7      | Noticed qw's ghost (novice GrFi)
  5833 | D:7      | 5833 ||| INVOKING Heroism.
  6135 | D:7      | 6135 ||| INVOKING Heroism.
  6145 | D:7      | Reached skill level 11 in Ranged Weapons
  6367 | D:7      | Found an ancient bone altar of Kikubaaqudgha.
  6392 | D:7      | Reached skill level 3 in Armour
  6493 | D:7      | 6493 ||| UPGRADING to +0 pair of gloves.
  6498 | D:7      | 6498 ||| DROPPING amulet of magic regeneration.
  6534 | D:8      | 6534 ||| Stepping ~*~*~tactically~*~*~ (outnumbered).
  6645 | D:8      | 6645 ||| INVOKING Heroism.
  6654 | D:8      | HP: 19/80 [poisoned by a killer bee]
  6655 | D:8      | 6655 ||| READING 4 scrolls of teleportation.
  6656 | D:8      | 6656 ||| DRINKING potion of heal wounds.
  6684 | D:8      | 6684 ||| INVOKING Heroism.
  6935 | D:8      | 6935 ||| INVOKING Heroism.
  7024 | D:8      | 7024 ||| INVOKING Heroism.
  7054 | D:8      | 7054 ||| Stepping ~*~*~tactically~*~*~ (outnumbered).
  7068 | D:8      | 7068 ||| INVOKING Heroism.
  7227 | D:8      | Found a sparkling altar of Nemelex Xobeh.
  7260 | D:8      | Reached skill level 12 in Ranged Weapons
  7381 | D:8      | 7381 ||| UPGRADING to amulet of the acrobat.
  7386 | D:8      | 7386 ||| READING scroll labelled SEDDYE NEOZAO.
  7735 | D:9      | 7735 ||| INVOKING Heroism.
  7736 | D:9      | 7736 ||| SWAPPING to +0 orcbow.
  7786 | D:9      | 7786 ||| DROPPING +0 heavy shortbow.
  8011 | D:9      | HP: 20/81 [yak (1)]
  8012 | D:9      | 8012 ||| READING 3 scrolls of teleportation.
  8013 | D:9      | HP: 3/81 [yak (8)]
  8013 | D:9      | Slain by a yak

Levels and vault maps discovered:
D:1:      dpeg_arrival_arbitrary_c, layout_basic, minmay_gold_behind_fungi
D:2:      minmay_wonky_spiral, layout_loops_corners, minmay_pentomino_pile
D:3:      layout_rooms, mainiacjoe_overflow_small_starburst, uniq_terence
D:4:      layout_loops_cross, minmay_temple_entry_glassed_door,
          minmay_shop_grid_forest, minmay_distorted
D:5:      layout_loops_ring, mainiacjoe_overflow_alcove_4,
          lemuel_flamethrower_2, uniq_grinder, uniq_blork_the_orc, uniq_menkaure
D:6:      layout_loops_ring, kb_xom_exploding_sheep
D:7:      layout_loops_ring, tgw_kikubaaqudgha, gammafunk_ghost_hive
D:8:      layout_rooms, nemelex_diamond_rough_becter
D:9:      layout_roguey
Temple:   minmay_temple_bridge_d

Skill      XL: |  1  2  3  4  5  6  7  8  9 |
---------------+----------------------------+-----
Ranged Weapons | 5 6 7 8 9 10 12 | 12.3
Fighting       | 3 4 5 6 7 8 |  8.0
Armour         | 1 2 4 |  4.0
Dodging        | 3 4 5 |  5.1
Invocations    | 3 4 |  4.1
Stealth        | |  0.7

Action                     |  1- 3 |  4- 6 |  7- 9 || total
---------------------------+-------+-------+-------++-------
   Fire: Shortbow          |   121 |   125 |   302 ||   548
         Orcbow            |       |       |    32 ||    32
 Invoke: Heroism           |       |       |    16 ||    16
    Use: Scroll            |     2 |     8 |     8 ||    18
         Potion            |       |     3 |     3 ||     6
 Armour: Leather armour    |    14 |    13 |       ||    27
         Ring mail         |       |     1 |    68 ||    69
  Dodge: Dodged            |    30 |    48 |   168 ||   246

Table legend:
 A = Non-vault XP
 B = Vault XP
 C = Vault XP percentage of total XP
 D = Non-vault monster count
 E = Vault monster count
 F = Vault count percentage of total count
                 A         B        C        D         E       F
            +---------+---------+-------+---------+---------+-------
      Total |    4696 |     636 |  11.9 |     193 |      15 |   7.2
            +---------+---------+-------+---------+---------+-------
        D:1 |      25 |       0 |   0.0 |      17 |       0 |   0.0
        D:2 |      66 |      77 |  53.8 |      23 |      10 |  30.3
        D:3 |     116 |       0 |   0.0 |      16 |       0 |   0.0
        D:4 |     215 |     186 |  46.4 |      26 |       3 |  10.3
        D:5 |     723 |     373 |  34.0 |      32 |       2 |   5.9
        D:6 |     780 |       0 |   0.0 |      12 |       0 |   0.0
        D:7 |    1055 |       0 |   0.0 |      26 |       0 |   0.0
        D:8 |    1117 |       0 |   0.0 |      31 |       0 |   0.0
        D:9 |     599 |       0 |   0.0 |      10 |       0 |   0.0
            +---------+---------+-------+---------+---------+-------
